Map: Troizinia LE

Players

irvinz

  • Race: Zerg Zerg
  • League: Gold
  • Spawn Location: 9:00

Leiferon - Winner!

  • Race: Terran Terran
  • Spawn Location: 5:00

Pryce - Winner!

  • Race: Protoss Protoss
  • Spawn Location: 6:00

BlueHawk

  • Race: Terran Terran
  • League: Silver
  • Spawn Location: 12:00

fortes

  • Race: Zerg Zerg
  • League: Silver
  • Spawn Location: 11:00

rod - Winner!

  • Race: Terran Terran
  • Spawn Location: 5:00

DarkTemplar - Winner!

  • Race: Protoss Protoss
  • League: Silver
  • Spawn Location: 3:00

VOD

Have the link to the VOD?

Description

Time

  • Played on: Oct. 19, 2018, 3:08 p.m.
  • Length: 21:37
Show
View Real Time Build Order
Export as new Build Order

irvinz Zerg 

Build Orders: Hatch First 

Get SALT Encoding   

  12  0:02  Drone  
  13  0:09  Drone  
  14  0:23  Overlord  
  14  0:41  Drone x3  
  17  0:53  Drone  
  18  0:59  Hatchery  
  17  1:05  Drone  
  18  1:16  Drone  
  19  1:22  Spawning Pool  
  19  1:24  Extractor  
  19  1:25  Drone  
  18  1:36  Drone  
  19  1:47  Overlord  
  19  1:56  Drone  
  20  2:09  Drone  
  20  2:13  Drone  
  22  2:16  Queen x2  
  22  2:18  Overlord  
  22  2:22  Zergling x2  
  27  2:26  Metabolic Boost  
  27  2:29  Drone  
  28  2:36  Drone  
  29  2:41  Drone  
  29  2:43  Drone  
  31  2:52  Zergling x2  
  31  2:56  Drone  
  33  3:01  Drone  
  34  3:06  Zergling x2  
  34  3:11  Drone  
  36  3:16  Queen  
  36  3:17  Queen  
  36  3:18  Overlord  
  40  3:23  Drone  
  40  3:26  Drone x3  
  44  3:29  Overlord  
  44  3:41  Drone x4  
  46  3:43  Zergling x2  
  46  3:48  Extractor  
  48  3:54  Drone  
  48  3:55  Drone  
  50  4:02  Drone x3  
  53  4:04  Drone x2  
  53  4:07  Hatchery  
  54  4:13  Drone x3  
  54  4:14  Drone  
  54  4:15  Drone  
  59  4:18  Lair  
  59  4:22  Extractor  
  58  4:25  Drone  
  58  4:28  Overlord  
  59  4:36  Zergling x2  
  60  4:38  Overlord  
  60  4:46  Zergling x2, Queen  
  60  4:47  Overlord, Zergling x2  
  60  4:48  Overlord  
  60  4:52  Drone x3  
  67  4:54  Drone  
  67  4:55  Extractor  
  67  5:04  Zergling x2  
  67  5:05  Zergling x2  
  69  5:13  Zergling x6  
  72  5:16  Drone  
  72  5:19  Drone x2, Evolution Chamber x2  
  72  5:20  Hydralisk Den, Zergling x2  
  72  5:21  Drone x2, Queen  
  75  5:23  Queen  
  75  5:27  Drone  
  80  5:33  Zergling x2  
  80  5:34  Zergling x2  
  81  5:41  Zergling x6  
  80  5:50  Zergling x2  
  80  5:51  Zergling x4  
  80  5:52  Drone x2  
  85  5:57  Pneumatized Carapace  
  85  5:59  Zerg Melee Weapons Level 1, Zerg Ground Armor Level 1  
  82  6:08  Zergling x2  
  76  6:11  Zergling x2  
  76  6:12  Zergling x2  
  76  6:13  Zergling x2  
  76  6:17  Zergling x4  
  79  6:24  Zergling x4  
  81  6:27  Grooved Spines  
  81  6:34  Hatchery, Zergling x2  
  81  6:41  Overlord x3  
  81  6:49  Extractor  
  81  6:50  Extractor  
  79  6:56  Overlord  
  79  6:59  Drone x2  
  79  7:00  Drone x2  
  83  7:01  Spore Crawler  
  83  7:02  Drone x3  
  83  7:03  Spore Crawler  
  83  7:05  Drone x2  
  83  7:06  Spore Crawler, Drone x3  
  83  7:08  Spore Crawler  
  87  7:09  Drone x2  
  87  7:12  Overlord  
  89  7:20  Drone x3  
  89  7:22  Zergling x4  
  92  7:26  Zergling x6  
  95  7:32  Hydralisk x4  
  95  7:34  Zergling x2  
  95  7:36  Baneling Nest, Hydralisk  
  105  7:40  Overlord  
  105  7:41  Overlord  
  105  7:45  Overlord  
  105  7:46  Overlord x2  
  105  7:49  Hydralisk  
  107  7:54  Hydralisk  
  107  7:55  Hydralisk  
  111  8:00  Queen  
  111  8:01  Zerg Ground Armor Level 2  
  111  8:02  Hydralisk x2  
  111  8:04  Zerg Melee Weapons Level 2  
  117  8:06  Hydralisk x3  
  117  8:11  Hydralisk x3  
  129  8:15  Hydralisk x2  
  129  8:16  Hydralisk  
  135  8:21  Centrifical Hooks  
  135  8:23  Drone x2  
  135  8:24  Drone  
  138  8:29  Baneling  
  138  8:30  Baneling x10  
  138  8:31  Baneling  
  138  8:33  Hydralisk  
  140  8:35  Drone x2  
  140  8:36  Drone  
  143  8:45  Hydralisk  
  143  8:46  Hydralisk x3  
  143  8:47  Zergling x2  
  149  8:54  Hydralisk  
  151  8:59  Overlord x2  
  151  9:00  Overlord  
  151  9:06  Hydralisk x3  
  140  9:17  Hydralisk x5  
  140  9:19  Hydralisk x2  
  140  9:21  Zergling x6  
  155  9:24  Drone  
  155  9:30  Hydralisk  
  154  9:31  Drone x2  
  154  9:36  Hydralisk  
  150  9:42  Drone  
  150  9:43  Drone x2  
  150  9:44  Drone  
  154  9:55  Hatchery  
  154  9:59  Drone x3  
  157  10:00  Drone  
  157  10:05  Drone x3  
  157  10:06  Overlord  
  157  10:07  Overlord x2  
  160  10:09  Drone x3  
  163  10:17  Drone x2  
  163  10:19  Zerg Missile Weapons Level 1  
  165  10:23  Extractor  
  165  10:27  Hydralisk x2  
  165  10:28  Zergling x4, Extractor, Hydralisk x4  
  167  10:29  Zergling x8  
  167  10:32  Zergling x4  
  183  10:37  Drone  
  183  10:38  Drone  
  183  10:39  Hydralisk x2  
  186  10:46  Drone  
  186  10:49  Spire, Zergling x2  
  187  10:50  Hydralisk  
  187  10:51  Hydralisk  
  187  10:54  Overlord  
  167  11:14  Hydralisk x2  
  167  11:15  Hydralisk x2  
  167  11:17  Hydralisk x4  
  167  11:18  Hydralisk  
  175  11:24  Hydralisk x5  
  181  11:32  Hydralisk x3  
  174  11:34  Hydralisk x2  
  174  11:36  Hydralisk  
  174  11:38  Drone  
  183  11:40  Hydralisk  
  183  11:44  Hydralisk  
  183  11:46  Hydralisk  
  189  11:47  Spore Crawler  
  189  11:48  Muscular Augments  
  189  11:50  Spore Crawler  
  187  11:56  Drone  
  187  11:57  Drone  
  189  12:10  Hydralisk  
  189  12:12  Hydralisk x2  
  189  12:13  Hydralisk x2  
  197  12:15  Hydralisk  
  197  12:18  Hydralisk x2  
  197  12:19  Hydralisk x2  
  197  12:20  Hydralisk x3  
  199  12:31  Zergling x6  
  199  12:36  Drone x2  
  199  12:37  Drone x2  
  193  12:41  Drone x3  
  193  12:43  Zergling x4  
  193  12:44  Zergling x2  
  196  12:50  Hydralisk  
  196  12:51  Zergling x4  
  200  12:58  Overlord  
  200  13:17  Zerg Flyer Weapons Level 1  
  200  13:19  Infestation Pit  
  199  13:22  Burrow  
  199  13:25  Hatchery, Evolution Chamber  
  197  13:27  Baneling x4  
  197  13:28  Baneling x12  
  197  13:32  Hydralisk  
  197  13:33  Zergling x2  
  200  13:35  Extractor  
  200  13:37  Extractor  
  200  13:39  Spine Crawler  
  200  13:40  Spine Crawler  
  196  13:42  Spore Crawler  
  196  13:44  Spine Crawler, Hydralisk x2  
  196  13:46  Hydralisk  
  190  14:02  Hydralisk x2  
  182  14:03  Hydralisk  
  182  14:08  Drone  
  182  14:09  Zergling x4, Drone x4  
  196  14:10  Hydralisk, Drone x2  
  198  14:31  Zergling x2  
  198  14:32  Zergling x2  
  200  14:44  Spore Crawler  
  200  14:45  Spine Crawler x2  
  198  14:46  Spine Crawler  
  198  14:49  Spore Crawler x2, Spine Crawler  
  198  14:50  Hydralisk  
  195  14:54  Hydralisk x2  
  195  14:55  Zergling x2, Hydralisk x2  
  196  15:36  Spore Crawler  
  196  15:37  Spore Crawler x2  
  196  15:39  Spine Crawler x2  
  189  15:43  Hive  
  185  15:51  Hydralisk  
  185  15:52  Hydralisk x5  
  185  15:53  Zergling x4, Hydralisk  
  199  16:01  Baneling x7  
  199  16:02  Baneling x5  
  197  16:24  Hydralisk  
  199  16:26  Overlord  
  199  16:36  Corruptor x3, Spore Crawler, Spine Crawler  
  199  16:37  Spine Crawler x2  
  157  17:02  Corruptor x2  
  157  17:03  Corruptor x3  
  157  17:06  Hydralisk x4  
  129  17:10  Hydralisk  
  129  17:11  Hydralisk x7  
  129  17:12  Hydralisk  
  129  17:15  Hydralisk x4  
  126  17:24  Corruptor x2  
  126  17:27  Corruptor x2  
  126  17:28  Corruptor x2  
  126  17:29  Corruptor  
  139  17:35  Corruptor  
  135  17:39  Corruptor x2  
  141  17:45  Corruptor x4  
  141  17:46  Corruptor  
  141  17:51  Corruptor x5  
  149  17:52  Corruptor  
  160  17:59  Corruptor  
  144  18:15  Corruptor x3  
  144  18:18  Corruptor  
  146  18:34  Hydralisk x3  
  146  18:35  Hydralisk  
  146  18:36  Drone  
  146  18:37  Drone  
  100  19:24  Corruptor  
  82  19:27  Corruptor x2  
  77  19:59  Corruptor x2  
  80  20:08  Corruptor  
Show
View Real Time Build Order
Export as new Build Order

Leiferon Terran - Winner!

Build Orders:  

Get SALT Encoding   

  12  0:01  SCV  
  13  0:13  SCV  
  14  0:22  Supply Depot  
  14  0:25  SCV  
  15  0:43  SCV  
  15  0:44  Barracks  
  16  0:54  Refinery  
  16  0:55  SCV  
  17  1:07  SCV  
  18  1:20  SCV  
  19  1:32  Orbital Command, Supply Depot  
  19  1:39  Marine  
  20  1:52  Command Center  
  20  1:57  Marine  
  20  1:58  Refinery  
  21  2:07  SCV  
  22  2:16  Factory  
  22  2:18  Marine  
  22  2:19  SCV  
  24  2:31  SCV  
  24  2:36  Marine  
  26  2:39  Supply Depot  
  26  2:44  SCV, Factory  
  27  2:54  Marine  
  27  2:56  SCV  
  29  3:01  Factory Tech Lab  
  29  3:06  SCV  
  29  3:08  SCV  
  31  3:14  Marine  
  31  3:18  SCV  
  33  3:20  SCV  
  33  3:25  Armory  
  34  3:30  SCV  
  34  3:32  SCV  
  36  3:38  Supply Depot  
  36  3:41  Factory Reactor  
  36  3:42  SCV  
  36  3:44  SCV  
  36  3:45  Marine  
  39  3:54  SCV, Hellion  
  42  3:56  SCV  
  42  3:59  Infernal Pre-Igniter  
  43  4:06  SCV  
  43  4:07  Marine  
  45  4:17  Hellion  
  45  4:18  Hellion  
  45  4:19  Hellion  
  51  4:24  SCV  
  51  4:29  Refinery  
  51  4:30  Refinery, SCV  
  53  4:36  SCV  
  53  4:38  Terran Vehicle Weapons Level 1  
  54  4:40  Hellion  
  54  4:41  Hellion  
  54  4:42  SCV  
  54  4:44  Hellion  
  61  4:54  Orbital Command  
  61  4:58  SCV  
  62  5:07  Supply Depot  
  62  5:28  SCV  
  62  5:29  Hellion x2  
  67  5:41  Hellion  
  69  5:44  SCV  
  70  6:09  SCV  
  70  6:10  SCV  
  70  6:12  Hellion  
  70  6:16  Hellion  
  68  6:24  Siege Tank  
  64  6:28  SCV  
  64  6:29  SCV  
  65  6:40  SCV  
  65  6:41  SCV  
  65  6:42  Barracks  
  65  6:43  Hellion, Command Center  
  65  6:44  Barracks  
  69  6:51  Supply Depot, Barracks Tech Lab  
  69  6:53  Supply Depot  
  69  6:54  Supply Depot  
  69  6:57  Engineering Bay, SCV  
  70  7:12  SCV  
  70  7:13  Hellion  
  69  7:32  Barracks Reactor  
  69  7:33  Barracks Reactor  
  69  7:46  Starport  
  69  7:48  Terran Infantry Weapons Level 1  
  69  7:51  Terran Ship Weapons Level 1  
  69  7:57  Missile Turret  
  69  7:58  Armory  
  69  7:59  Missile Turret  
  69  8:03  Missile Turret  
  69  8:05  Missile Turret, SCV x2  
  71  8:24  Thor  
  77  8:27  Marine x3  
  77  8:28  Marine  
  77  8:29  Marauder  
  77  8:31  Stimpack  
  83  8:52  Barracks  
  83  8:53  Factory Tech Lab  
  83  8:54  Starport Reactor  
  83  8:58  Starport  
  83  9:03  Supply Depot x2  
  83  9:05  Supply Depot  
  81  9:34  Marine  
  81  9:35  Marine x4  
  81  9:37  Starport Reactor  
  86  9:38  Medivac  
  86  9:39  Medivac  
  86  9:40  Siege Tank  
  86  9:41  Marine  
  86  9:42  Marine  
  92  9:52  Marine  
  86  9:53  Marine x3  
  86  9:59  Marine x2  
  92  10:07  Marine  
  92  10:10  Marine x3  
  92  10:11  Marine, Medivac  
  92  10:12  Medivac  
  101  10:18  Siege Tank  
  101  10:19  Siege Tank  
  107  10:26  Viking x2  
  111  10:35  Marine x2  
  111  10:36  Combat Shield, Marine x2  
  111  10:38  Marauder  
  111  10:40  Marine x2  
  111  10:41  Medivac  
  117  10:43  Terran Ship Weapons Level 2  
  117  10:45  Terran Vehicle And Ship Armor Level 1  
  111  10:50  Siege Tank  
  111  10:51  Siege Tank  
  111  10:53  Marine x3  
  111  10:55  Viking  
  111  10:56  Viking  
  120  11:23  Siege Tank  
  123  11:29  Viking x3  
  123  11:30  Viking  
  131  12:11  Marine x2  
  133  12:18  Marine x3  
  133  12:21  Marine x2  
  133  12:26  Siege Tank  
  133  12:31  Marine  
  133  12:33  Siege Tank  
  131  12:39  Marine  
  132  12:45  Marine  
  132  12:47  Concussive Shells  
  133  13:01  Marine x2  
  133  13:02  Viking  
  133  13:03  Viking  
  133  13:09  Supply Depot  
  133  13:13  Supply Depot  
  133  13:19  Marine x2  
  131  13:30  Siege Tank x2  
  137  13:37  Liberator  
  137  13:38  Liberator  
  137  13:39  Marine x4  
  137  13:40  Marine  
  142  13:48  Planetary Fortress  
  142  13:52  Marine  
  149  14:34  Factory  
  149  14:38  Supply Depot  
  149  14:39  Supply Depot  
  149  14:42  Supply Depot  
  149  15:01  Marine  
  149  15:03  Siege Tank x2, Marine x2  
  158  15:16  Supply Depot  
  158  15:19  Supply Depot  
  158  15:20  Liberator  
  158  15:21  Supply Depot  
  158  15:23  Liberator x2  
  158  15:37  Siege Tank  
  158  15:40  Siege Tank  
  173  16:09  Siege Tank  
  176  16:12  Siege Tank  
  145  17:09  Marine x2  
  145  17:10  Marine x5  
  150  17:27  Marine x3  
  150  17:28  Marine x4  
  157  17:35  Siege Tank x2  
  163  17:45  Marine x2  
  165  17:56  Marine x5  
  170  18:03  Marine x2  
  172  18:07  Siege Tank x2  
  173  18:25  Marine x2  
  173  18:26  Marine  
  174  18:39  Siege Tank x2  
  158  19:16  Marine x2  
  154  20:26  Orbital Command  
Show
View Real Time Build Order
Export as new Build Order

Pryce Protoss - Winner!

Build Orders:  

Get SALT Encoding   

  1  0:00  Probe  
  13  0:16  Probe, Pylon  
  14  0:38  Gateway  
  14  0:43  Probe  
  15  0:55  Assimilator, Probe  
  16  1:07  Probe  
  17  1:19  Probe  
  18  1:29  Cybernetics Core  
  18  1:32  Probe  
  19  1:40  Pylon  
  19  1:43  Assimilator  
  20  1:47  Probe  
  20  1:59  Probe  
  21  2:08  Warp Gate  
  21  2:12  Stalker  
  23  2:24  Probe  
  24  2:36  Probe  
  25  2:48  Stalker  
  27  2:55  Forge  
  27  3:11  Gateway  
  27  3:18  Stalker  
  29  3:23  Nexus  
  29  3:31  Pylon  
  29  3:40  Pylon  
  29  3:46  Assimilator, Probe  
  29  3:48  Stalker  
  31  3:54  Probe  
  33  4:04  Probe  
  34  4:16  Probe  
  35  4:28  Probe, Photon Cannon  
  36  4:34  Pylon  
  36  4:40  Probe  
  37  4:52  Probe  
  38  4:55  Stalker x2  
  42  5:07  Photon Cannon  
  42  5:12  Photon Cannon  
  42  5:28  Stargate  
  42  5:30  Stargate  
  42  5:48  Probe  
  42  5:52  Assimilator  
  42  5:55  Protoss Shields Level 1  
  42  5:56  Probe  
  44  6:04  Probe  
  44  6:06  Protoss Air Weapons Level 1  
  45  6:14  Probe  
  46  6:22  Void Ray x2  
  54  6:26  Probe  
  54  6:28  Stalker  
  54  6:30  Stalker  
  59  6:38  Probe  
  60  6:50  Probe  
  61  6:59  Fleet Beacon  
  61  7:03  Probe  
  61  7:06  Gateway  
  62  7:15  Probe  
  63  7:27  Probe  
  64  7:33  Void Ray  
  68  7:39  Probe  
  69  7:45  Pylon  
  69  7:49  Protoss Ground Weapons Level 1  
  69  7:51  Pylon  
  69  8:01  Protoss Air Armor Level 1  
  69  8:03  Void Ray  
  73  8:12  Photon Cannon  
  73  8:16  Void Ray  
  77  8:42  Nexus  
  77  8:48  Pylon  
  77  8:52  Assimilator  
  71  9:32  Void Ray x2  
  45  9:43  Protoss Ground Armor Level 1  
  45  9:45  Probe  
  50  9:59  Stalker  
  52  10:00  Stalker  
  52  10:01  Stalker  
  56  10:15  Void Ray x2  
  64  10:30  Stargate  
  64  10:32  Stalker x2  
  64  10:33  Stalker  
  70  10:43  Probe  
  71  10:51  Probe  
  72  10:57  Void Ray  
  72  10:58  Void Ray  
  72  10:59  Probe  
  81  11:07  Stargate  
  81  11:09  Stargate  
  81  11:10  Probe  
  82  11:22  Probe  
  83  11:26  Carrier  
  89  11:34  Probe  
  90  11:40  Carrier, Void Ray  
  90  11:46  Probe  
  101  11:58  Probe  
  102  12:23  Carrier  
  84  13:38  Carrier x3, Void Ray  
  106  13:57  Pylon  
  106  13:59  Pylon  
  106  14:14  Carrier  
  112  14:20  Tempest  
  118  15:03  Tempest  
  124  15:11  Pylon  
  124  15:21  Assimilator  
  124  15:24  Graviton Catapult  
  124  15:29  Carrier  
  130  15:53  Pylon  
  130  15:54  Pylon  
  130  15:56  Pylon  
  130  16:00  Probe  
  131  16:10  Carrier  
  137  16:12  Tempest, Probe  
  137  16:14  Carrier  
  150  16:24  Pylon  
  150  16:26  Pylon  
  150  16:29  Pylon  
  150  16:36  Carrier  
  156  16:54  Tempest  
  156  16:55  Tempest  
  168  17:36  Tempest  
  170  18:02  Tempest  
  122  18:29  Void Ray  
  122  18:30  Void Ray x3  
  138  18:45  Tempest  
  144  18:51  Nexus  
  144  19:12  Carrier x2  
  132  19:34  Tempest x2  
  132  19:35  Tempest  
  150  20:05  Assimilator  
Show
View Real Time Build Order
Export as new Build Order

BlueHawk Terran 

Build Orders:  

Get SALT Encoding   

  12  0:01  SCV  
  13  0:15  SCV  
  13  0:18  Supply Depot  
  14  0:28  SCV  
  15  0:34  Refinery  
  15  0:40  SCV  
  16  0:47  Barracks  
  16  0:53  SCV  
  17  1:05  SCV  
  18  1:17  SCV  
  19  1:40  Command Center  
  19  1:42  Barracks Reactor  
  20  1:47  Orbital Command  
  19  2:01  Supply Depot  
  19  2:13  Factory  
  19  2:14  SCV  
  20  2:19  Refinery  
  20  2:32  Marine x2  
  22  2:52  Orbital Command  
  22  2:55  SCV  
  23  2:58  Factory Tech Lab  
  23  3:02  Starport, Marine x2  
  25  3:08  SCV  
  25  3:10  Barracks  
  26  3:17  SCV  
  27  3:20  Supply Depot, Marine  
  27  3:23  Marine  
  29  3:31  Siege Tank  
  32  3:34  SCV  
  32  3:36  SCV  
  34  3:42  Marine  
  34  3:43  Marine  
  34  3:46  SCV  
  37  3:52  SCV  
  38  3:56  Starport Reactor  
  38  4:00  Marine  
  38  4:02  SCV, Marine  
  41  4:06  Barracks Tech Lab  
  41  4:09  SCV  
  42  4:10  Siege Tank  
  45  4:19  SCV  
  45  4:21  Refinery  
  45  4:22  SCV  
  45  4:23  Refinery  
  47  4:24  Marine x2  
  47  4:25  Marine  
  47  4:31  SCV  
  51  4:33  Medivac  
  53  4:40  Starport  
  53  4:41  SCV  
  54  4:49  Supply Depot  
  54  4:53  Supply Depot  
  54  5:11  SCV, Marine  
  56  5:14  Engineering Bay  
  56  5:15  SCV  
  56  5:16  Marine x2  
  56  5:17  Engineering Bay  
  56  5:19  Medivac  
  61  5:22  Starport Reactor  
  61  5:23  SCV  
  61  5:27  SCV  
  63  5:28  Marine  
  63  5:33  Marine  
  63  5:34  Marine  
  66  5:43  Command Center  
  66  5:45  SCV x2  
  66  5:46  Marine  
  69  5:51  Terran Infantry Weapons Level 1, Marine  
  69  5:52  Terran Infantry Armor Level 1  
  70  5:59  Armory  
  70  6:27  Supply Depot  
  70  6:28  Supply Depot  
  70  6:30  Supply Depot  
  70  6:37  Command Center  
  70  6:42  SCV  
  70  6:48  SCV, Marine x3, Medivac  
  70  6:50  Siege Tank  
  79  6:54  SCV  
  80  7:06  Marine x3  
  83  7:10  SCV x2  
  85  7:26  SCV x2  
  87  7:31  SCV  
  87  7:35  Medivac x2  
  87  7:36  Medivac x2  
  98  7:37  Command Center  
  98  7:38  Siege Tank  
  98  7:39  Marine x3  
  98  7:43  Orbital Command  
  102  7:46  SCV x2  
  104  7:57  Marine  
  105  7:58  SCV  
  105  7:59  Terran Infantry Weapons Level 2  
  106  8:06  Refinery, SCV  
  106  8:07  Marine x2  
  106  8:08  Refinery  
  109  8:15  Supply Depot, Barracks x2  
  109  8:16  Supply Depot  
  109  8:18  Supply Depot  
  109  8:20  Supply Depot  
  109  8:22  Supply Depot  
  109  8:23  Supply Depot  
  109  8:37  Siege Tank, SCV x2, Marine x3, Medivac x3  
  109  8:38  SCV  
  124  8:49  SCV  
  124  8:55  Marine x3  
  126  8:58  Orbital Command  
  128  9:10  SCV x3  
  128  9:12  Marine  
  128  9:13  Marine x2  
  134  9:17  Barracks Reactor x2  
  134  9:21  Terran Infantry Armor Level 2  
  134  9:22  SCV x2  
  134  9:23  SCV  
  137  9:30  Marine  
  137  9:31  Marine x2  
  140  9:34  SCV x2  
  140  9:35  SCV  
  143  9:42  SCV  
  143  9:45  Medivac x4  
  150  9:48  Marine x3  
  155  9:56  Supply Depot  
  155  9:58  Supply Depot  
  155  10:01  Barracks  
  155  10:02  Supply Depot, SCV x3  
  155  10:03  SCV, Barracks  
  155  10:06  Marine x3  
  162  10:11  Refinery  
  162  10:12  Marine x4  
  162  10:13  Refinery  
  166  10:14  SCV x3  
  166  10:15  Siege Tank  
  166  10:17  Terran Infantry Weapons Level 3  
  172  10:24  Marine x3  
  174  10:41  SCV x3  
  174  10:42  SCV  
  178  10:43  Marine x4  
  178  10:44  Marine x3  
  184  10:53  SCV x2  
  186  11:00  SCV x2  
  186  11:01  Marine x5  
  186  11:02  Marine x2  
  195  11:05  SCV  
  196  11:27  Supply Depot  
  196  11:29  Missile Turret  
  196  11:49  SCV, Marine x3  
  200  12:05  SCV  
  200  12:06  SCV  
  200  12:15  Marine  
  200  12:18  Marine  
  200  12:19  SCV  
  200  12:25  Marine  
  200  12:29  Marine  
  200  12:30  Medivac  
  200  12:32  Medivac x2  
  200  12:34  Siege Tank  
  195  12:43  Marine  
  172  13:00  Terran Infantry Armor Level 3  
  162  13:06  Siege Tank  
  138  13:27  Marine x3  
  138  13:28  Marine x4  
  141  13:39  Siege Tank  
  141  13:40  Medivac x2  
  148  13:45  Marine x5  
  148  13:47  Marine  
  148  13:48  Marine  
  155  13:49  Medivac x2  
  155  13:55  Terran Vehicle Weapons Level 1  
  159  14:03  Marine x5  
  159  14:04  SCV  
  159  14:05  SCV x3  
  168  14:11  Siege Tank  
  171  14:18  Factory  
  171  14:21  Factory  
  171  14:30  Marine x3  
  171  14:31  Marine x4  
  177  14:33  Command Center  
  186  14:42  Viking  
  186  14:43  Viking x3  
  186  14:48  Marine x3  
  186  14:50  Siege Tank  
  186  14:51  Marine x3  
  186  14:52  Marine  
  196  15:06  Marine x3  
  199  15:09  Marine  
  199  15:13  Factory Tech Lab x2  
  200  15:49  Terran Vehicle And Ship Armor Level 1  
  178  17:08  Marine x5  
  155  17:09  Marine x2, Viking  
  155  17:10  Viking x3  
  134  17:30  Marine x4  
  134  17:31  Marine x2  
  134  17:33  Siege Tank x3  
  134  17:35  Marine  
  150  17:39  Viking  
  150  17:40  Viking x3  
  158  17:48  Marine x5  
  158  17:49  Marine  
  164  17:53  Marine  
  165  18:05  Siege Tank x3  
  171  18:11  Orbital Command  
  173  18:32  Marine  
  173  18:33  Marine x6  
  177  18:37  Siege Tank x3  
  186  18:50  Marine x3  
  186  18:51  Marine x4  
  133  19:08  Marine x4  
  133  19:09  Marine x3  
  128  19:20  Siege Tank x3  
  133  19:26  Marine x5  
  133  19:27  Marine x2  
  133  19:30  Medivac x4  
  148  19:44  Marine x7  
  155  19:52  Siege Tank x3  
  164  20:01  Marine  
  164  20:02  Marine x6  
  171  20:19  Marine x2  
  171  20:20  Marine x5  
  178  20:24  Siege Tank x3  
  187  20:36  Viking x2  
  187  20:37  Marine x4, Medivac x2  
  187  20:38  Marine  
  194  21:06  Medivac  
Show
View Real Time Build Order
Export as new Build Order

fortes Zerg 

Build Orders: Hatch First 

Get SALT Encoding   

  12  0:01  Drone  
  13  0:13  Overlord  
  13  0:20  Drone  
  14  0:31  Drone x2  
  16  0:39  Drone  
  17  0:46  Drone  
  18  1:02  Drone  
  19  1:05  Hatchery  
  19  1:21  Drone x2  
  21  1:30  Spawning Pool  
  21  1:31  Hatchery  
  19  1:34  Drone  
  19  1:39  Overlord  
  20  1:50  Overlord  
  20  1:54  Extractor  
  19  2:04  Drone  
  20  2:15  Drone  
  21  2:17  Queen  
  23  2:29  Drone  
  24  2:36  Drone  
  25  2:42  Spine Crawler  
  24  2:48  Drone x2  
  26  2:58  Drone x2  
  28  3:07  Drone x2  
  30  3:13  Queen  
  30  3:14  Hatchery  
  30  3:16  Drone x2  
  33  3:24  Lair  
  33  3:34  Drone x2  
  33  3:35  Drone x2, Roach Warren  
  33  3:38  Overlord x2, Extractor  
  35  3:50  Drone  
  35  3:52  Extractor  
  35  3:56  Queen  
  35  3:58  Drone x2  
  39  4:03  Drone  
  40  4:11  Drone x2  
  42  4:22  Drone  
  42  4:23  Drone x6  
  49  4:27  Queen  
  51  4:33  Overlord  
  51  4:34  Overlord  
  51  4:43  Drone  
  51  4:44  Drone  
  53  4:50  Roach x2  
  53  4:51  Overlord  
  53  4:52  Overlord  
  57  4:57  Glial Reconstitution  
  57  5:08  Roach  
  57  5:09  Roach x6  
  71  5:17  Roach  
  73  5:22  Roach  
  75  5:30  Extractor  
  74  5:37  Roach x3  
  81  5:42  Drone  
  81  5:43  Drone x2  
  83  5:53  Hydralisk Den  
  83  5:54  Roach  
  83  5:55  Drone x6  
  83  5:56  Overlord  
  83  5:57  Overlord x3  
  90  6:25  Roach x8  
  106  6:38  Extractor, Roach x3  
  111  6:47  Roach x3  
  117  7:00  Evolution Chamber  
  116  7:01  Hydralisk x2  
  116  7:02  Hydralisk  
  116  7:05  Overlord x3  
  122  7:17  Extractor  
  121  7:34  Hydralisk x7  
  135  7:38  Hydralisk  
  137  7:55  Spore Crawler, Hydralisk  
  137  7:56  Hydralisk x3  
  144  8:03  Zerg Missile Weapons Level 1  
  132  8:22  Roach x4  
  132  8:23  Roach x3  
  132  8:25  Overlord x2  
  142  9:20  Hydralisk x5  
  142  9:21  Hydralisk x4  
  88  9:53  Roach x6  
  88  9:56  Roach x2  
  88  9:57  Roach  
  106  10:25  Hydralisk x6  
  118  10:42  Roach x11  
  140  10:51  Hydralisk x5  
  150  11:08  Hydralisk x6  
  162  11:15  Muscular Augments  
  162  11:16  Overlord x3  
  162  11:29  Overlord x2  
  154  12:00  Roach x15  
  140  12:17  Roach x11  
  156  12:26  Grooved Spines  
  140  12:41  Hydralisk x6  
  140  12:42  Hydralisk x7  
  152  12:53  Hydralisk x3  
  150  12:58  Hydralisk  
  152  13:12  Hydralisk  
  152  13:13  Hydralisk x9  
  172  13:26  Hydralisk  
  172  13:27  Hydralisk x3  
  120  14:05  Hydralisk x11  
  106  14:19  Hydralisk x4  
  86  14:38  Hydralisk  
  86  14:39  Hydralisk x4  
  86  14:40  Hydralisk  
  98  15:05  Hydralisk  
  98  15:06  Hydralisk x5  
  88  15:22  Roach x2  
  88  15:23  Roach x5  
  102  15:30  Hatchery  
  101  15:59  Hatchery  
  101  16:00  Hydralisk x5  
  101  16:01  Hydralisk x5  
  101  16:03  Roach  
  122  16:14  Hydralisk x3  
  134  16:25  Roach x3  
  134  16:26  Roach  
  136  16:44  Roach x6  
  148  16:47  Drone  
  149  17:01  Hydralisk x4  
  149  17:07  Roach  
  75  17:46  Hydralisk x8  
  91  17:51  Drone x2  
  91  17:54  Drone  
  91  17:57  Roach  
  96  18:01  Drone  
  96  18:02  Drone  
  98  18:09  Hydralisk  
  98  18:10  Hydralisk  
  102  18:15  Roach  
  101  18:21  Spine Crawler  
  99  18:27  Drone x3  
  99  18:34  Spine Crawler  
  64  18:56  Roach x5  
  68  19:24  Roach  
  68  19:25  Roach x4  
  78  20:12  Roach x3  
  84  20:23  Hatchery  
  83  20:45  Zergling x2  
  83  20:46  Zergling x10  
  81  20:58  Spore Crawler  
Show
View Real Time Build Order
Export as new Build Order

rod Terran - Winner!

Build Orders:  

Get SALT Encoding   

  12  0:01  SCV  
  13  0:13  SCV  
  14  0:18  Supply Depot  
  14  0:25  SCV  
  15  0:40  SCV  
  16  0:49  Barracks  
  16  0:52  SCV  
  17  1:04  SCV  
  17  1:05  Refinery  
  18  1:16  SCV  
  19  1:27  Refinery  
  19  1:28  SCV  
  20  1:38  Barracks  
  20  1:39  Marine  
  21  1:40  SCV  
  22  1:53  Orbital Command  
  22  1:57  Marine  
  23  2:24  Supply Depot  
  23  2:39  Supply Depot  
  23  2:45  SCV, Marine  
  23  2:49  Supply Depot  
  25  2:58  SCV  
  26  3:03  Marine, Command Center  
  27  3:10  Barracks Tech Lab  
  27  3:12  Supply Depot  
  27  3:16  SCV  
  28  3:23  Barracks Reactor  
  28  3:28  SCV  
  29  3:35  Factory  
  29  3:40  SCV  
  30  3:45  Marine  
  30  3:46  Engineering Bay  
  31  3:52  Stimpack  
  31  4:01  SCV  
  32  4:02  Marine  
  33  4:13  SCV  
  33  4:14  Marine x2  
  36  4:20  Marine  
  36  4:21  Engineering Bay, Factory Tech Lab  
  37  4:25  SCV  
  38  4:31  Marine x2  
  38  4:34  SCV  
  38  4:36  Refinery  
  38  4:38  Marine  
  41  4:41  Siege Tank  
  45  4:46  SCV  
  45  4:49  Marine  
  45  4:51  Starport  
  45  4:52  Terran Infantry Weapons Level 1  
  47  4:56  Marine  
  47  4:58  SCV  
  49  5:01  Marine  
  50  5:07  Marine  
  50  5:14  Marine  
  51  5:18  Terran Infantry Armor Level 1  
  51  5:19  Marine  
  53  5:25  Marine  
  54  5:31  Marine  
  55  5:37  Marine  
  55  5:39  Barracks  
  53  5:43  Marine  
  53  5:49  Siege Tank, Marine  
  54  6:01  Medivac  
  56  6:08  Refinery  
  57  6:18  SCV  
  57  6:21  Siege Tank  
  60  6:28  Barracks  
  60  6:30  SCV  
  61  6:42  SCV  
  62  6:54  Armory  
  62  6:56  Medivac  
  62  6:57  Siege Tank  
  67  7:11  Marine x3  
  70  7:45  Supply Depot  
  70  8:07  SCV x2, Marine x3, Medivac  
  70  8:08  Supply Depot  
  77  8:19  SCV x2  
  71  8:24  Marine x3  
  74  8:31  Supply Depot, SCV x2  
  76  8:42  Marine x3  
  76  8:43  SCV  
  76  8:45  Planetary Fortress  
  80  8:53  Supply Depot  
  81  8:55  SCV  
  81  9:00  Marine x3  
  84  9:02  Command Center  
  84  9:03  Barracks Reactor  
  84  9:06  Barracks Reactor  
  84  9:07  SCV  
  77  9:14  Supply Depot  
  63  9:18  Marine x3  
  66  9:24  Terran Infantry Weapons Level 2  
  66  9:26  Terran Infantry Armor Level 2  
  66  9:28  Siege Tank  
  66  9:30  Medivac  
  71  9:36  Marine x3  
  71  9:37  Supply Depot  
  74  9:45  SCV  
  73  9:53  Marine x3  
  73  9:55  Marine x4  
  73  9:57  SCV  
  73  9:59  Supply Depot  
  77  10:00  Siege Tank, Medivac  
  80  10:09  SCV  
  80  10:11  Marine x3  
  80  10:12  Marine x2  
  86  10:22  Supply Depot, Marine x2  
  88  10:29  Marine x3  
  88  10:30  Marine x2, Medivac  
  88  10:32  Siege Tank, Supply Depot  
  98  10:40  Marine x2  
  100  10:47  Marine x2  
  102  10:58  Command Center  
  102  11:03  Supply Depot  
  102  11:05  Siege Tank  
  94  11:49  Marine x6  
  94  11:50  Marine  
  98  12:03  Missile Turret  
  98  12:06  Terran Infantry Weapons Level 3  
  98  12:07  Terran Infantry Armor Level 3, Marine x6  
  98  12:08  Marine  
  94  12:17  Siege Tank  
  64  12:24  Marine x2  
  64  12:25  Marine x3  
  64  12:26  Planetary Fortress  
  53  12:42  Marine x2  
  53  12:43  Marine x3  
  58  12:49  Siege Tank  
  61  13:00  Marine x3  
  61  13:01  Marine x2  
  65  13:08  SCV  
  65  13:11  SCV  
  60  13:18  Marine x4  
  60  13:19  Marine  
  55  13:20  SCV  
  55  13:23  SCV  
  54  13:32  SCV  
  55  13:36  SCV, Marine x4  
  55  13:37  Marine  
  61  13:44  SCV  
  61  13:47  Supply Depot  
  61  13:48  SCV  
  63  13:53  Marine  
  63  13:54  Marine x3  
  67  13:56  SCV  
  68  14:07  Marine  
  61  14:10  Supply Depot  
  61  14:11  Marine x2  
  61  14:12  Marine x2  
  63  14:25  Marine  
  63  14:29  Marine x3  
  63  14:30  Marine  
  68  14:32  Medivac  
  70  14:43  Marine  
  71  14:47  Marine x4  
  75  14:57  Supply Depot  
  75  15:01  Neosteel Frame, Marine  
  75  15:02  Medivac  
  75  15:04  Structure Armor  
  75  15:06  Marine  
  75  15:07  Marine x3  
  82  15:19  Supply Depot, Marine  
  82  15:21  SCV  
  84  15:24  Marine  
  85  15:33  SCV  
  86  15:42  Supply Depot  
  86  15:45  SCV  
  86  15:49  Marine x5  
  91  15:57  SCV  
  92  16:05  Supply Depot  
  92  16:07  Marine x5  
  97  16:24  Marine  
  97  16:25  Marine  
  99  16:27  Supply Depot  
  99  16:28  Supply Depot  
  99  16:50  Supply Depot  
  99  16:53  Marine x3  
  102  16:58  Marine x2  
  86  17:05  SCV  
  84  17:10  Marine  
  84  17:11  Marine x2  
  84  17:12  Supply Depot  
  86  17:16  Marine x2  
  88  17:28  Marine  
  88  17:29  Missile Turret, Marine x2  
  91  17:33  Marine  
  91  17:34  Marine  
  95  17:45  Siege Tank  
  95  17:46  Marine x2  
  95  17:47  Marine  
  99  17:51  Marine x2  
  101  18:09  Marine  
  102  18:17  Siege Tank  
  104  18:32  Missile Turret  
  93  18:49  Siege Tank  
  88  19:24  Marine  
  88  19:25  Marine x4  
  93  19:42  Marine  
  93  19:43  Marine x4  
  98  20:00  Marine x5  
  103  20:18  Marine x3  
  96  21:13  Command Center  
Show
View Real Time Build Order
Export as new Build Order

DarkTemplar Protoss - Winner!

Build Orders: 1 Gate Expand, Carrier Rush 

Get SALT Encoding   

  12  0:01  Probe  
  13  0:14  Probe  
  14  0:20  Pylon  
  14  0:28  Probe  
  15  0:32  Assimilator  
  15  0:41  Probe  
  16  0:45  Gateway  
  16  0:54  Probe  
  17  1:02  Probe  
  17  1:11  Probe  
  19  1:27  Nexus  
  19  1:30  Assimilator  
  19  1:35  Probe  
  20  1:46  Probe  
  20  1:47  Cybernetics Core  
  21  1:54  Probe  
  22  2:02  Probe  
  23  2:22  Pylon  
  23  2:25  Pylon  
  23  2:35  Stargate  
  23  2:36  Pylon  
  23  2:39  Probe  
  23  2:40  Probe  
  23  2:42  Warp Gate  
  25  2:51  Probe  
  25  2:52  Probe  
  27  3:00  Cybernetics Core  
  27  3:02  Stargate  
  27  3:03  Probe  
  27  3:04  Probe  
  29  3:16  Probe  
  30  3:25  Fleet Beacon  
  30  3:27  Probe  
  30  3:32  Probe  
  32  3:38  Protoss Air Weapons Level 1  
  32  3:41  Probe  
  33  3:44  Assimilator  
  33  3:47  Assimilator  
  33  3:48  Probe  
  34  3:57  Probe  
  35  4:07  Probe x2  
  37  4:20  Probe x2  
  37  4:21  Stargate  
  39  4:32  Probe  
  39  4:37  Protoss Air Armor Level 1  
  40  4:41  Pylon  
  40  4:47  Probe x2, Gateway  
  40  4:48  Gateway  
  40  4:50  Gateway  
  42  4:53  Pylon  
  42  4:58  Carrier  
  48  5:00  Probe x2  
  48  5:06  Phoenix  
  52  5:12  Probe  
  53  5:16  Probe  
  54  5:29  Probe x2  
  56  5:37  Phoenix  
  56  5:39  Phoenix  
  56  5:40  Nexus  
  60  5:45  Protoss Air Weapons Level 2  
  60  5:46  Probe x2  
  62  5:56  Pylon  
  62  5:58  Probe  
  63  6:11  Stargate  
  63  6:12  Pylon  
  63  6:25  Probe x2  
  65  6:30  Pylon  
  65  6:36  Protoss Air Armor Level 2  
  65  6:39  Carrier  
  71  6:47  Probe x2  
  71  6:51  Gateway  
  71  6:52  Pylon  
  73  6:54  Assimilator  
  73  6:59  Assimilator, Probe  
  73  7:01  Carrier  
  80  7:38  Probe x3  
  80  7:40  Carrier x2  
  80  7:43  Nexus  
  83  7:45  Pylon  
  83  7:47  Pylon  
  83  7:50  Probe x2  
  97  7:51  Assimilator  
  97  7:55  Carrier  
  97  7:57  Assimilator  
  103  8:10  Stargate  
  103  8:12  Twilight Council  
  103  8:25  Carrier  
  103  8:29  Pylon  
  103  8:32  Shield Battery x2  
  103  8:36  Pylon  
  109  8:44  Probe x2  
  109  8:45  Probe  
  100  9:20  Carrier  
  100  9:24  Carrier  
  100  9:25  Carrier  
  118  10:02  Carrier  
  124  10:14  Probe  
  124  10:15  Probe x2  
  127  10:30  Nexus  
  127  10:34  Pylon  
  127  10:35  Pylon  
  127  10:39  Carrier  
  133  10:50  Carrier  
  88  11:52  Carrier x3  
  88  12:41  Probe x2  
  88  12:42  Probe  
  84  12:44  Zealot  
  71  13:01  Probe  
  71  13:02  Probe x2  
  71  13:04  Carrier  
  68  13:08  Pylon  
  68  13:10  Pylon  
  68  13:14  Carrier  
  68  13:15  Gateway  
  68  13:16  Gateway  
  68  13:19  Gateway  
  80  13:20  Gateway  
  80  13:24  Gateway  
  80  13:26  Gateway  
  71  14:18  Nexus  
  71  14:21  Pylon  
  71  14:22  Assimilator  
  71  14:26  Assimilator  
  65  15:00  Carrier x2  
  65  15:01  Carrier  
  83  15:14  Dark Shrine  
  83  15:15  Pylon  
  83  15:23  Assimilator  
  83  15:35  Probe x2  
  85  15:37  Probe  
  86  15:47  Probe x2  
  86  15:49  Carrier  
  88  16:00  Carrier  
  100  16:29  Probe x3  
  103  16:41  Probe  
  104  16:47  Probe  
  104  16:48  Probe  
  104  16:53  Probe  
  95  17:37  Carrier  
  95  17:38  Carrier x3  
  95  17:40  Probe x2  
  95  17:42  Probe  
  122  18:08  Probe x2  
  124  18:21  Pylon  
  124  18:30  Carrier, Probe  
  125  18:39  Probe x2  
  133  18:42  Pylon  
  127  18:57  Nexus  
  103  19:25  Carrier x3  
  121  20:13  Assimilator  
Tags
 
Add a new tag
Caveats
  • Supply blocks, unpowered buildings, or Contaminate may cause inaccurate times.
  • Supply counts are checked every 10 seconds.